 Dungeon Crawl Stone Soup version 0.28-a0-1567-g1695149f81 (webtiles) character file.

Game seed: 7915287776211775449

851 HallandMoats the Chopper (level 7, -7/61 HPs)
             Began as a Minotaur Fighter on Jan 19, 2022.
             Was a Believer of Dithmenos.
             Mangled by a two-headed ogre (16 damage)
             ... on level 5 of the Dungeon.
             The game lasted 00:04:02 (3295 turns).

HallandMoats the Chopper (Minotaur Fighter)         Turns: 3295, Time: 00:04:03

Health: -7/61      AC: 13    Str: 22    XL:     7   Next: 69%
Magic:  6/7        EV:  7    Int:  5    God:    Dithmenos [**....]
Gold:   119        SH:  5    Dex: 10    Spells: 6/6 levels left

rFire   . . .      SeeInvis .   a - +0 war axe
rCold   . . .      Faith    .   c - +0 buckler
rNeg    . . .      Spirit   .   s - +0 plate armour
rPois   .          Reflect  .   (helmet restricted)
rElec   .          Harm     .   (no cloak)
rCorr   .          Rampage  .   q - +0 pair of gloves
Will    .....                   (no boots)
Stlth   ..........              o - amulet of regeneration
HPRegen 1.00/turn               (no ring)
MPRegen 0.10/turn               (no ring)

@: mighty, wreathed by umbra
A: horns 2, retaliatory headbutt
a: Renounce Religion, Shadow Step


You were on level 5 of the Dungeon.
You worshipped Dithmenos.
Dithmenos was pleased with you.
You visited 1 branch of the dungeon, and saw 5 of its levels.

You collected 152 gold pieces.
You spent 33 gold pieces at shops.

Inventory:

Hand Weapons
 a - a +0 war axe (weapon)
Armour
 c - a +0 buckler (worn)
 q - a +0 pair of gloves (worn)
 s - a +0 plate armour (worn)
Jewellery
 o - an amulet of regeneration (around neck)
Wands
 b - a wand of mindburst (9)
 h - a wand of flame (8)
Scrolls
 e - 2 scrolls of fog {unknown}
 i - 4 scrolls of identify {unknown}
 j - 2 scrolls of teleportation
 l - a scroll of fear {unknown}
 p - a scroll of acquirement {unknown}
Potions
 f - 2 potions of curing {unknown}
 g - a potion of degeneration {unknown}
 k - a potion of cancellation {unknown}
 m - a potion of attraction {unknown}
 n - a potion of heal wounds {unknown}
 r - a potion of mutation {unknown}


   Skills:
 + Level 5.5 Fighting
 * Level 6.4 Axes
 + Level 5.5 Armour
 + Level 3.6 Dodging
 - Level 5.0 Shields
 + Level 1.9 Invocations


You had 6 spell levels left.
You didn't know any spells.
Your spell library contained the following spells:

 Spells                   Type           Power      Damage    Failure   Level
 Sting                    Tmut/Pois      0%         1d3       100%        1
 Passwall                 Tmut/Erth      0%         N/A       100%        2
 Wereblood                Tmut           0%         N/A       100%        2
 Call Canine Familiar     Summ           0%         N/A       100%        3
 Gell's Gravitas          Tloc           0%         N/A       100%        3
 Portal Projectile        Hex/Tloc       0%         N/A       100%        3
 Teleport Other           Tloc           0%         N/A       100%        3
 Ice Form                 Ice/Tmut       0%         N/A       100%        4
 Leda's Liquefaction      Hex/Erth       0%         N/A       100%        4
 Dispersal                Tloc           0%         N/A       100%        6


Dungeon Overview and Level Annotations

Branches:
Dungeon (5/15)             Temple (0/1) D:5

Altars:
Dithmenos

Shops:
D:2 ?   D:3 :

Annotations:
D:4 2 transporters


Innate Abilities, Weirdness & Mutations

You have a pair of horns on your head.
You reflexively headbutt those who attack you in melee.


Message History

The ufetubus closely misses you. x2
The kobold demonologist hits you but does no damage.
You feel very mighty all of a sudden. The ufetubus closely misses you.
You furiously retaliate!
You headbutt the ufetubus!
You kill the ufetubus!
The ufetubus disappears in a puff of smoke!
The kobold demonologist hits you but does no damage.
You slash the kobold demonologist!
The kobold demonologist is severely wounded.
The kobold demonologist casts a spell.
You barely miss the kobold demonologist.
The kobold demonologist is severely wounded.
You hit the ice devil.
The kobold demonologist hits you with a +0 dagger.
You block the ice devil's attack.
You barely miss the kobold demonologist.
The kobold demonologist is severely wounded.
You closely miss the ice devil.
You block the kobold demonologist's attack.
The ice devil hits you! The ice devil freezes you!
Unknown command.
You slice the kobold demonologist!!
You kill the kobold demonologist!
Dithmenos accepts your kill.
The ice devil disappears in a puff of smoke!
The white imp disappears in a puff of smoke!
The two-headed ogre hits you with a +0 giant spiked club!!
* * * LOW HITPOINT WARNING * * *
The two-headed ogre barely misses you.
Your Axes skill increases to level 6!
You slash the two-headed ogre!
The two-headed ogre is lightly wounded.
You slice the two-headed ogre!! You headbutt the two-headed ogre!
The two-headed ogre is severely wounded.
You hear a shout!
The two-headed ogre hits you with a +0 giant spiked club!
* * * LOW HITPOINT WARNING * * *
The two-headed ogre hits you with a +0 giant club!
You die...

.......####...#.####
.......+ ...........
.......# #...... .#
#.....## #.†.# .#
#....## #..# l#
#...## #..# .# ##'##
#..# 5# #.# #..###.#
#.# #...@O.# ##.##
##.##### #...## #.#
.....# #.# #...##
#.# ##.###########.#
##.............#
....############
##.##


You could see a two-headed ogre.

Vanquished Creatures
  A kobold demonologist (D:5)
  A necrophage (D:5)
  A black bear (D:5)
  A scorpion (D:4)
  A centaur skeleton (D:4)
  2 hounds (D:5)
  A jelly (D:5)
  A bullfrog skeleton (D:4)
  An iguana (D:5)
  Robin (D:2)
  9 adders
  An adder zombie (D:5)
  A worm (D:2)
  3 dart slugs
  4 orcs (D:3)
  A ball python (D:1)
  7 bats
  9 endoplasms
  2 giant cockroaches
  9 goblins
  5 hobgoblins
  6 kobolds
  4 quokkas
  4 frilled lizards
  A quokka skeleton (D:4)
  6 rats
83 creatures vanquished.

Vanquished Creatures (others)
  9 plants
9 creatures vanquished.

Grand Total: 92 creatures vanquished

Notes
Turn   | Place    | Note
-------+----------+-------------------------------------------
     0 | D:1      | HallandMoats the Minotaur Fighter began the quest for the
                  | Orb.
     0 | D:1      | Reached XP level 1. HP: 19/19 MP: 0/0
   117 | D:1      | Reached XP level 2. HP: 27/27 MP: 1/1
   299 | D:1      | Reached skill level 3 in Axes
   320 | D:1      | You fall into a shaft and drop 1 floor!
   334 | D:2      | Reached XP level 3. HP: 25/33 MP: 2/2
   336 | D:2      | Reached skill level 1 in Dodging
   458 | D:2      | Noticed Robin
   466 | D:2      | Killed Robin
   910 | D:1      | Found a faded altar of an unknown god.
  1113 | D:1      | Prayed at the altar of an unknown god.
  1113 | D:1      | Became a worshipper of Dithmenos the Shadowed
  1113 | D:1      | Reached * piety under Dithmenos
  1213 | D:2      | Reached XP level 4. HP: 40/40 MP: 3/3
  1423 | D:2      | Found Wuxt's Magic Scroll Boutique.
  1428 | D:2      | Bought a scroll of teleportation for 33 gold pieces
  2069 | D:3      | Reached skill level 4 in Axes
  2185 | D:3      | Found Tipar's Book Emporium.
  2382 | D:3      | Identified the +2 robe of Denuywn {Fly}
  2417 | D:3      | Reached XP level 5. HP: 46/46 MP: 4/4
  2724 | D:4      | Reached ** piety under Dithmenos
  2777 | D:4      | Found a transporter.
  2829 | D:4      | Found a transporter.
  3022 | D:4      | Reached XP level 6. HP: 51/53 MP: 5/5
  3125 | D:5      | Entered Level 5 of the Dungeon
  3129 | D:5      | Found a staircase to the Ecumenical Temple.
  3140 | D:5      | Got Qeahutzo's Reference Book on Glacial Transmutation
  3242 | D:5      | Reached skill level 5 in Axes
  3260 | D:5      | Reached skill level 5 in Shields
  3269 | D:5      | Reached skill level 5 in Armour
  3277 | D:5      | Reached skill level 5 in Fighting
  3279 | D:5      | Noticed a kobold demonologist
  3281 | D:5      | Noticed a two-headed ogre
  3283 | D:5      | Reached skill level 1 in Invocations
  3283 | D:5      | Reached XP level 7. HP: 57/61 MP: 6/6
  3291 | D:5      | Noticed an ice devil
  3293 | D:5      | Killed a kobold demonologist
  3294 | D:5      | Reached skill level 6 in Axes
  3295 | D:5      | Mangled by a two-headed ogre

Illustrated notes

Levels and vault maps discovered:
D:1:      lightli_arrival_windingriver, layout_rooms,
          dilly_ecumenical_altar_fadedgnrine, chequers_big_river,
          minmay_misc_feat_more_columns, minmay_heptomino_l4
D:2:      layout_basic, serial_shops, nicolae_shop_hallway_plus, minmay_3d_cube,
          uniq_robin
D:3:      layout_rooms, serial_shops, nicolae_shop_statue_plus
D:4:      layout_gridville, gammafunk_ghost_gnarly_gnolls
D:5:      layout_loops_corners, minmay_temple_entry_offerings,
          gammafunk_ghost_abyssal_escape, corexii_hall_statues_l,
          minmay_misc_feat_x, minmay_starry_boxes

Skill      XL: |  1  2  3  4  5  6  7 |
---------------+----------------------+-----
Axes           | 3 4 5 6 |  6.4
Armour         | 4 5 |  5.5
Dodging        | 1 2 3 |  3.6
Fighting       | 4 5 |  5.5
Shields        | 4 5 |  5.0
Invocations    | 1 |  1.9

Action                   |  1- 3 |  4- 6 |  7- 9 || total
-------------------------+-------+-------+-------++-------
Melee: War axe           |    72 |   114 |    12 ||   198
       Headbutt          |     7 |    24 |     1 ||    32
  Use: Potion            |       |       |     1 ||     1
Armor: Scale mail        |    40 |    27 |       ||    67
       Plate armour      |       |    26 |     6 ||    32
Dodge: Dodged            |    45 |    61 |     6 ||   112
Block: Buckler           |    23 |    26 |     2 ||    51

Table legend: (Time is in decaauts)
 A = Elapsed time spent in this place.
 B = Non-inter-level travel time spent in this place.
 C = Inter-level travel time spent in this place.
 D = Time resting spent in this place.
 E = Time spent auto-exploring this place.
 F = Levels seen in this place.
 G = Mean time per level.
                   A        B        C        D        E       F      G
               +--------+--------+--------+--------+--------+-----+--------+
         Total |   3381 |   3078 |    303 |      0 |   2492 |   5 |  676.2 |
       Dungeon |   3381 |   3078 |    303 |      0 |   2492 |   5 |  676.2 |
               +--------+--------+--------+--------+--------+-----+--------+

Top non-repeatable levels by time:
     D:2: 1148 daAuts
     D:1: 1001 daAuts
     D:3: 547 daAuts
     D:4: 502 daAuts
     D:5: 181 daAuts
